 Dungeon Crawl Stone Soup version 0.20.1-1-g8b1a95d66d (webtiles) character file.

18 Meaglor the Caller (level 2, 0/19 HPs)
             Began as a Demonspawn Summoner on Dec 1, 2017.
             Slain by an adder (1 damage)
             ... on level 2 of the Dungeon.
             The game lasted 00:04:35 (1035 turns).

Meaglor the Caller (Demonspawn Summoner)            Turns: 1035, Time: 00:04:37

Health: 0/19       AC:  3    Str:  8    XL:     2   Next: 48%
Magic:  2/5        EV: 12    Int: 16    God:
Gold:   51         SH:  0    Dex: 13    Spells: 2/5 levels left

rFire    + . .     SeeInvis .   d - +0 mace
rCold    + . .     Gourm    .   (no shield)
rNeg     . . .     Faith    +   a - +1 robe
rPois    .         Spirit   .   (helmet restricted)
rElec    .         Reflect  .   h - scarf {rC+ rF+}
rCorr    .         Harm     .   (no gloves)
MR       .....     Rnd*Tele +   (no boots)
Stlth    ++........             n - amulet of faith
Regen    0.1/turn               f - ring of teleportation (curse)
MPRegen  0.1/turn               (no ring)

@: lethally poisoned (0 -> -7)
A: horns 1
a: no special abilities


You were on level 2 of the Dungeon.
You were not hungry.

You visited 1 branch of the dungeon, and saw 2 of its levels.

You collected 51 gold pieces.

Inventory:

Hand Weapons
 d - a +0 mace (weapon)
Missiles
 i - 19 poisoned needles
Armour
 a - a +1 robe (worn)
 h - a scarf of resistance (worn)
 j - a +0 leather armour
Jewellery
 f - a cursed ring of teleportation (left hand)
 n - an amulet of faith (around neck)
Scrolls
 g - a scroll of immolation
Potions
 e - a potion of heal wounds {unknown}
 l - a potion of curing {unknown}
Books
 b - a book of Callings

   Spells                             Type                      Level
   a - Summon Small Mammal            Summoning                    1
   b - Call Imp                       Summoning                    2
   c - Call Canine Familiar           Summoning                    3
   d - Summon Guardian Golem          Hexes/Summoning              3
   e - Summon Lightning Spire         Summoning/Air                4
   f - Summon Ice Beast               Ice/Summoning                4
Comestibles
 m - a meat ration


   Skills:
 + Level 1.7 Dodging
 + Level 2.1 Stealth
 * Level 2.0 Spellcasting
 + Level 4.5 Summonings


You had 2 spell levels left.
You knew the following spells:

 Your Spells              Type           Power        Failure   Level  Hunger
a - Summon Small Mammal   Summ           ###.         3%          1    #......
b - Call Imp              Summ           ###.....     4%          2    ###....


Dungeon Overview and Level Annotations

Branches:
Dungeon (2/15)

Altars:


Innate Abilities, Weirdness & Mutations

You have a pair of small horns on your head.


Message History

You are lethally poisoned!
The adder poisons you!
Your crimson imp barely misses the adder.
The adder bites you.
* * * LOW HITPOINT WARNING * * *
* * * LOW HITPOINT WARNING * * *
You feel sick.
Your crimson imp barely misses the adder.
* * * LOW HITPOINT WARNING * * *
You feel sick. The adder bites you.
* * * LOW HITPOINT WARNING * * *
Casting: Call Imp
Confirm with . or Enter, or press ? or * to list all spells.
A shadowy apparition takes form in the air.
* * * LOW HITPOINT WARNING * * *
You feel sick.
Your crimson imp closely misses the adder.
The adder bites you.
You die...

#.## #..# #..
#..# #...
####..####...
#............
#.........#
#....5....#
#..5.S....#
#....@<####
#......#
#......#
#......#
#......#
########


You could see an adder, a friendly crimson imp and a friendly shadow imp.

Vanquished Creatures
  A leopard gecko (D:1)
  2 giant cockroaches (D:1)
  2 goblins (D:1)
  A hobgoblin (D:1)
  3 kobolds (D:1)
  A ball python (D:1)
  A bat (D:1)
  2 frilled lizards (D:1)
  2 rats (D:1)
15 creatures vanquished.

Vanquished Creatures (collateral kills)
  2 kobolds (D:1)
2 creatures vanquished.

Grand Total: 17 creatures vanquished

Notes
Turn   | Place    | Note
-------+----------+-------------------------------------------
     0 | D:1      | Meaglor the Demonspawn Summoner began the quest for the Orb.
     0 | D:1      | Reached XP level 1. HP: 13/13 MP: 3/3
   531 | D:1      | Gained mutation: You have a pair of small horns on your head. [demonic ancestry]
   531 | D:1      | Reached XP level 2. HP: 15/19 MP: 5/5
   597 | D:1      | Learned a level 2 spell: Call Imp
  1035 | D:2      | Slain by an adder

Skill      XL: |  1  2 |
---------------+-------+-----
Stealth        | 2 |  2.1
Dodging        | |  1.7
Spellcasting   | |  2.0
Summonings     | |  4.5

Action                   || total
-------------------------++-------
Melee: Mace              ||    51
       Unarmed           ||    11
       Headbutt          ||     5
 Cast: Summon Small Mamm ||     3
       Call Imp          ||     3
  Use: Scroll            ||     2
  Eat: Bread ration      ||     1
Armor: Robe              ||     9
Dodge: Dodged            ||    59
